AoeStats
← cjcypher76

Arena

510248271Analyzed
4v4 RM · 24h ago on Sep 30, 2026· 62m 1s· 8 players
Game mode
Random Map
Map size
Large (8 player)
Population
200
Speed
Normal
Resources
Standard
Victory
Conquest
Starting age
Dark Age
Ending age
Imperial Age
RankedLock teamsTeams togetherTeam positionsShared explorationLock speedFull tech treeHidden civsTurbo modeCheats
Victory
Defeat
🇺🇸 Burgundians · United States
691
+7
🇲🇽 Turks · Mexico
665
+8
🇵🇪 Vietnamese · Peru
587
+11
🇲🇽 Chinese · Mexico
360
+19
🇺🇸 Teutons · United States
545
-14
🇷🇴 Britons · Romania
462
-11
🇮🇩 Persians · Indonesia
456
-11
🇺🇸 Romans · United States
412
-9
EPYON182
2:22 Loom
10:43 Feudal Age
13:56 Wheelbarrow
17:30 Double-Bit Axe
18:47 Scale Mail Armor
18:22 Man-at-Arms
20:56 Horse Collar
22:28 Forging
22:58 Town Watch
27:49 Scale Barding Armor
28:21 Bloodlines
32:02 Castle Age
34:08 Long Swordsman
K1NG
0:36 Loom
MordorQva
10:52 Feudal Age
13:56 Double-Bit Axe
20:16 Castle Age
18:11 Horse Collar
20:04 Gold Mining
21:58 Wheelbarrow
21:39 Bow Saw
22:20 Heavy Plow
24:51 Scale Mail Armor
26:01 Stone Mining
29:33 Stone Shaft Mining
29:42 Chain Mail Armor
32:10 Hand Cart
36:03 Imperial Age
36:22 Forging
36:07 Heavy Scorpion
37:20 Crenellations
37:05 Elite Teutonic Knight
38:49 Iron Casting
38:45 Plate Mail Armor
38:16 Padded Archer Armor
39:19 Conscription
44:23 Ballistics
45:04 Chemistry
45:15 Chemistry
genkogenka
cjcypher76
8:51 Double-Bit Axe
15:25 Feudal Age
15:54 Horse Collar
16:29 Bow Saw
17:26 Heavy Plow
21:37 Castle Age
36:21 Forging
36:12 Scale Mail Armor
40:22 Burgundian Vineyards
50:57 Padded Archer Armor
50:47 Fletching
51:07 Crossbowman
52:47 Bodkin Arrow
53:07 Leather Archer Armor
55:33 Imperial Age
54:37 Ballistics
58:30 Chemistry
59:04 Bracer
Wendy9235
1:01 Loom
13:46 Feudal Age
14:13 Horse Collar
14:25 Double-Bit Axe
15:20 Town Watch
17:36 Wheelbarrow
20:34 Man-at-Arms
21:00 Arson
22:12 Stone Mining
22:13 Gold Mining
31:18 Castle Age
31:10 Forging
31:01 Scale Mail Armor
31:07 Scale Barding Armor
32:39 Hand Cart
33:02 Padded Archer Armor
32:53 Fletching
34:48 Heavy Plow
35:36 Iron Casting
35:29 Caravan
38:09 Stone Shaft Mining
38:37 Bow Saw
37:50 Crossbowman
39:13 Town Patrol
41:31 Light Cavalry
42:22 Bloodlines
42:13 Husbandry
43:20 Gold Shaft Mining
43:39 Coinage
45:37 Great Wall
45:20 Elite Skirmisher
46:06 Thumb Ring
49:51 Imperial Age
50:19 Chain Barding Armor
50:15 Chain Mail Armor
49:54 Guard Tower
50:25 Ballistics
51:53 Banking
52:38 Chemistry
52:01 Leather Archer Armor
53:09 Sappers
54:00 Conscription
54:09 Capped Ram
55:15 Heavy Rocket Cart
58:50 Bombard Tower
58:16 Arrowslits
58:44 Fortified Wall
58:30 Murder Holes
60:32 Siege Ram
60:36 Heavy Scorpion
60:47 Arbalester
60:55 Cavalier
61:40 Imperial Skirmisher
62:32 Squires
61:53 Pikeman
61:53 Long Swordsman
TruG-moto
0:28 Loom
17:16 Feudal Age
17:44 Town Watch
23:02 Castle Age
21:18 Double-Bit Axe
21:25 Horse Collar
24:10 Town Patrol
38:48 Imperial Age
36:58 Bow Saw
36:56 Heavy Plow
41:17 Two-Man Saw
42:24 Wheelbarrow
43:28 Hand Cart
43:15 Caravan
43:46 Coinage
43:26 Guilds
43:40 Conscription
43:28 Man-at-Arms
44:09 Squires
44:33 Heavy Scorpion
45:04 Arson
46:00 Banking
46:19 Thumb Ring
45:42 Elite Janissary
49:58 Husbandry
50:25 Bloodlines
50:59 Scale Barding Armor
52:06 Chain Barding Armor
54:52 Plate Barding Armor
54:28 Artillery
54:33 Padded Archer Armor
54:33 Scale Mail Armor
54:44 Forging
54:24 Fletching
55:05 Bombard Tower
55:06 Ballistics
54:57 Fortified Wall
54:40 Guard Tower
58:52 Chain Mail Armor
58:52 Leather Archer Armor
59:12 Iron Casting
58:32 Bodkin Arrow
59:30 Keep
Althair
11:50 Feudal Age
12:16 Double-Bit Axe
12:17 Horse Collar
19:14 Castle Age
17:20 Town Watch
17:41 Fletching
20:38 Town Patrol
21:16 Wheelbarrow
24:43 Crossbowman
25:30 Thumb Ring
27:02 Hand Cart
28:00 Bow Saw
27:57 Heavy Plow
29:04 Elite Skirmisher
34:27 Imperial Age
32:32 Gold Mining
32:36 Stone Mining
33:17 Bodkin Arrow
33:23 Padded Archer Armor
38:32 Two-Man Saw
38:42 Ballistics
37:56 Arbalester
39:41 Capped Ram
44:42 Paper Money
53:20 Chemistry
52:04 Treadmill Crane
52:20 Murder Holes
52:28 Caravan
55:09 Husbandry
55:19 Bloodlines
54:32 Light Cavalry
54:33 Cavalier
54:34 Elite Battle Elephant
59:53 Leather Archer Armor
59:39 Bracer
59:49 Forging
59:41 Scale Mail Armor
59:49 Scale Barding Armor
Connection lost

Rejoining the realm…

Still unreachable

The connection could not be restored.

Session expired

The server has moved on; the page needs a fresh start.